 Dungeon Crawl Stone Soup version 0.22-a0-779-g6f83d72c62 (webtiles) character file.

1316 Htamos the Chopper (level 8, -3/94 HPs)
             Began as a Formicid Fighter on July 19, 2018.
             Slain by a two-headed ogre
             ... wielding a +0 giant club
              (13 damage)
             ... on level 7 of the Dungeon.
             The game lasted 00:10:59 (6501 turns).

Htamos the Chopper (Formicid Fighter)               Turns: 6501, Time: 00:11:00

Health: -3/94      AC: 24    Str: 26    XL:     8   Next: 89%
Magic:  8/8        EV:  2    Int:  8    God:
Gold:   424        SH: 11    Dex: 17    Spells: 7/7 levels left

rFire    . . .     SeeInvis .   a - +1 war axe
rCold    . . .     Gourm    .   c - +0 shield
rNeg     + + +     Faith    .   (armour currently unavailable)
rPois    +         Spirit   .   (helmet unavailable)
rElec    .         Reflect  .   (cloak currently unavailable)
rCorr    .         Harm     .   (gloves currently unavailable)
MR       .....                  (boots currently unavailable)
Stlth    +++.......             (no amulet)
HPRegen  0.25/turn              (no ring)
MPRegen  0.11/turn              (no ring)

@: mighty, agile, tree-form
A: permanent stasis, dig shafts and tunnels, four strong arms
a: no special abilities


You were on level 7 of the Dungeon.
You were not hungry.
You were a tree.
You visited 2 branches of the dungeon, and saw 8 of its levels.
You also visited: Ossuary.

You collected 424 gold pieces.

Inventory:

Hand Weapons
 a - a +1 war axe (weapon)
Armour
 b - a +0 scale mail
 c - a +0 shield (worn)
 j - a +1 plate armour (melded)
Scrolls
 e - a scroll of identify
 g - a scroll of noise
 h - a scroll of enchant armour
 l - 2 scrolls of remove curse
 o - a scroll of teleportation
 p - 2 scrolls of amnesia
 x - a scroll of fog
Potions
 d - a potion of ambrosia
 i - 6 potions of curing
 k - 3 potions of cancellation
 m - a potion of flight {unknown}
 q - a potion of haste {unknown}
 r - a potion of lignification
 s - 2 potions of agility
 t - a potion of degeneration {unknown}
 u - a potion of mutation {unknown}
 w - a potion of might
 z - a potion of berserk rage
 A - a potion of resistance
 B - a potion of brilliance
Comestibles
 f - 8 rations


   Skills:
 + Level 5.6 Fighting
 * Level 6.2 Axes
 + Level 5.5 Armour
 + Level 3.4 Dodging
 + Level 6.1 Shields


You had 7 spell levels left.
You didn't know any spells.
Your spell library was empty.

Dungeon Overview and Level Annotations

Branches:
Dungeon (7/15)             Temple (1/1) D:6

Altars:
Cheibriados
Dithmenos
Elyvilon
Fedhas
Hepliaklqana
Kikubaaqudgha
Qazlal
Trog
Vehumet
Wu Jian
Xom
Yredelemnul
Zin
The Shining One

Shops:
D:4 [   D:5 (*


Innate Abilities, Weirdness & Mutations

You cannot be hasted, slowed, berserked, paralysed or teleported.
You can dig through walls and to a lower floor.
Your four strong arms can wield two-handed weapons with a shield.
((You have a pair of large antennae on your head. (SInv)))


Message History

The two-headed ogre hits you but does no damage.
You block the two-headed ogre's attack.
You slash the two-headed ogre!
The two-headed ogre is moderately wounded.
You block the two-headed ogre's attack. x2
You hit the two-headed ogre.
The two-headed ogre is moderately wounded.
The two-headed ogre hits you with a giant club!
* * * LOW HITPOINT WARNING * * *
The two-headed ogre barely misses you.
Your shield prevents you from hitting the two-headed ogre.
The two-headed ogre is moderately wounded.
The two-headed ogre hits you with a giant club!
* * * LOW HITPOINT WARNING * * *
The two-headed ogre hits you but does no damage.
You slash the two-headed ogre!
The two-headed ogre is severely wounded.
You block the two-headed ogre's attack.
The two-headed ogre hits you with a giant club!
You die...

#.############.......##
#......................
#..........###.......##
...........# #########
#.........# .#+##..>..#
#.....# ####### #.....#
#...... #♣....# #......
#O##+## #...... #.#
#...... ... #...... ...
####... ..... #.##
..... #.# ....... #.#
#.#


You could see a two-headed ogre.

Vanquished Creatures
  An ice beast (D:6)
  2 orc warriors (D:6)
  A phantom (D:5)
  3 wights
  A crimson imp (D:7)
  3 hounds (D:6)
  A jelly (D:6)
  An orc priest (D:6)
  4 orc wizards
  2 centaur skeletons (D:4)
  Jessica (D:3)
  2 iguanas (D:5)
  3 worker ants
  A hound zombie (D:5)
  A hound skeleton (D:4)
  8 mummies (Ossuary)
  Robin (D:4)
  7 adders
  An ooze (D:4)
  A worm (D:2)
  5 dart slugs
  5 leopard geckos
  13 orcs
  2 ball pythons
  7 giant cockroaches
  10 goblins
  10 hobgoblins
  A jackal (D:2)
  3 quokkas
  2 bats (D:1)
  4 frilled lizards
  A gnoll zombie (Ossuary)
  2 hobgoblin zombies (Ossuary)
  4 kobolds
  4 kobold zombies (Ossuary)
  An orc zombie (Ossuary)
  A quokka skeleton (D:5)
  3 quokka zombies
  3 rats
126 creatures vanquished.

Notes
Turn   | Place    | Note
-------+----------+-------------------------------------------
     0 | D:1      | Htamos the Formicid Fighter began the quest for the Orb.
     0 | D:1      | Reached XP level 1. HP: 18/18 MP: 1/1
    64 | D:1      | Reached XP level 2. HP: 24/24 MP: 2/2
   517 | D:1      | Reached XP level 3. HP: 16/29 MP: 3/3
  1189 | D:2      | Found an ancient bone altar of Kikubaaqudgha.
  1200 | D:2      | Reached XP level 4. HP: 26/37 MP: 4/4
  1944 | D:3      | Noticed Jessica
  1948 | D:3      | Killed Jessica
  1948 | D:3      | Reached skill level 1 in Dodging
  1948 | D:3      | Reached XP level 5. HP: 42/42 MP: 5/5
  2779 | D:4      | Noticed Robin
  2787 | D:4      | Reached XP level 6. HP: 33/48 MP: 6/6
  2949 | D:4      | Killed Robin
  3039 | D:4      | Found Buan's Armour Shoppe.
  3448 | D:5      | Entered Level 5 of the Dungeon
  3474 | D:5      | Found a radiant altar of Vehumet.
  3571 | D:5      | Noticed a phantom
  3584 | D:5      | Found Zin's Purification Station.
  3593 | D:5      | Killed a phantom
  3593 | D:5      | Reached skill level 5 in Shields
  3593 | D:5      | Reached XP level 7. HP: 50/55 MP: 7/7
  3621 | D:5      | Found a glowing silver altar of Zin.
  3826 | D:5      | Found Pemas's Weapon Boutique.
  3906 | D:5      | Found a white marble altar of Elyvilon.
  4405 | D:6      | Reached skill level 5 in Axes
  4422 | D:5      | Reached skill level 5 in Armour
  4422 | D:5      | Reached XP level 8. HP: 23/61 MP: 8/8
  4540 | D:6      | Reached skill level 5 in Fighting
  4841 | D:6      | Found a sand-covered staircase.
  4860 | Ossuary  | Entered an ossuary
  5709 | D:6      | Found a staircase to the Ecumenical Temple.
  5718 | Temple   | Entered the Ecumenical Temple
  6335 | D:6      | Found a bloodstained altar of Trog.
  6488 | D:7      | Noticed a two-headed ogre
  6501 | D:7      | Slain by a two-headed ogre

Vault maps used:
D:1:      tarquinn_simple_flora_water_f
D:2:      kiku_gazebo_pond_becter, kennysheep_generic_room_13
D:3:      uniq_jessica
D:4:      first_ration, serial_shops, shop, minmay_misc_feat_hallway, uniq_robin
D:5:      kennysheep_mini, nicolae_overflow_crystal_walls, zin_purify,
          serial_shops, nicolae_shop_stone, fountainhead
D:6:      minmay_klotski, lightli_temple_of_fire,
          minmay_temple_entry_nine_rooms, enter_ossuary_4
D:7:      cheibrodos_ashenzari_chains, serial_curves, eino_curves_03,
          eino_curves_02, eino_curves_02, grunt_ogre_cave
Temple:   nicolae_temple_figure_zero
Ossuary:  ossuary_tomb_3

Skill      XL: |  1  2  3  4  5  6  7  8 |
---------------+-------------------------+-----
Shields        | 4 5 6 |  6.1
Axes           | 3 4 5 6 |  6.2
Dodging        | 1 2 3 |  3.4
Fighting       | 4 5 |  5.6
Armour         | 4 5 |  5.5

Action                   |  1- 3 |  4- 6 |  7- 9 || total
-------------------------+-------+-------+-------++-------
Melee: War axe           |    97 |   186 |   212 ||   495
 Abil: Dig               |       |       |     1 ||     1
  Use: Scroll            |       |       |    15 ||    15
       Potion            |       |       |     7 ||     7
  Eat: Chunk             |     1 |     7 |     4 ||    12
       Ration            |       |       |     2 ||     2
Armor: Scale mail        |    31 |       |       ||    31
       Plate armour      |       |   114 |   109 ||   223
       Skin              |       |       |     2 ||     2
Dodge: Dodged            |    31 |    29 |    42 ||   102
Block: Shield            |    45 |   106 |   107 ||   258

Table legend:
 A = Spawn XP
 B = Non-spawn XP
 C = Spawn XP percentage of total XP
 D = Spawn monster count
 E = Non-spawn monster count
 F = Spawn count percentage of total count
 G = Total turns spent on level
                    A         B        C        D         E        F      G
               +---------+---------+-------+---------+---------+-------+---------
         Total |       0 |    1880 |   0.0 |       0 |     126 |   0.0 |  6501
               +---------+---------+-------+---------+---------+-------+---------
           D:1 |       0 |      50 |   0.0 |       0 |      25 |   0.0 |  1029
           D:2 |       0 |      49 |   0.0 |       0 |      13 |   0.0 |   860
           D:3 |       0 |     156 |   0.0 |       0 |      19 |   0.0 |   792
           D:4 |       0 |     227 |   0.0 |       0 |      18 |   0.0 |   767
           D:5 |       0 |     315 |   0.0 |       0 |      11 |   0.0 |  1323
           D:6 |       0 |     885 |   0.0 |       0 |      23 |   0.0 |  1023
           D:7 |       0 |      48 |   0.0 |       0 |       1 |   0.0 |   146
       Ossuary |       0 |     150 |   0.0 |       0 |      16 |   0.0 |   421
               +---------+---------+-------+---------+---------+-------+---------
